 Dungeon Crawl Stone Soup version 0.23.1-37-gaa34b87 (webtiles) character file.

Game seed: 2575241516059678669

2972 pjoxt the Destroyer (level 9, -3/48 HPs)
             Began as a Deep Elf Conjurer on Mar 24, 2019.
             Was a Believer of Vehumet.
             Slain by a polar bear (5 damage)
             ... on level 7 of the Dungeon.
             The game lasted 00:39:25 (8919 turns).

pjoxt the Destroyer (Deep Elf Conjurer)             Turns: 8919, Time: 00:39:26

Health: -3/48      AC:  5    Str:  5    XL:     9   Next: 53%
Magic:  8/22       EV: 15    Int: 24    God:    Vehumet [**....]
Gold:   383        SH:  5    Dex: 15    Spells: 9/23 levels left

rFire    . . .     SeeInvis .   a - +2 dagger (venom)
rCold    . . .     Gourm    .   t - +0 buckler
rNeg     . . .     Faith    .   h - +0 robe
rPois    .         Spirit   .   p - +1 helmet
rElec    .         Reflect  .   (no cloak)
rCorr    .         Harm     .   (no gloves)
MR       .....                  e - +0 pair of boots
Stlth    ++........             (no amulet)
HPRegen  0.16/turn              (no ring)
MPRegen  0.18/turn              (no ring)

@: no status effects
A: no striking features
a: Renounce Religion


You were on level 7 of the Dungeon.
You worshipped Vehumet.
Vehumet was pleased with you.
You were not hungry.

You visited 2 branches of the dungeon, and saw 9 of its levels.

You collected 383 gold pieces.

Inventory:

Hand Weapons
 a - a +2 dagger of venom (weapon)
Missiles
 x - a throwing net (quivered)
Armour
 e - a +0 pair of boots (worn)
 h - a +0 robe (worn)
 p - a +1 helmet (worn)
 t - a +0 buckler (worn)
Magical Staves
 E - an uncursed staff of air
Jewellery
 C - an uncursed ring of fire
Wands
 b - a wand of iceblast (9)
 v - a wand of random effects (17)
Scrolls
 g - a scroll of magic mapping {unknown}
 i - 6 scrolls of remove curse
 l - 3 scrolls of teleportation
 m - 4 scrolls of amnesia
 r - a scroll of immolation {unknown}
 s - 4 scrolls of enchant armour
 y - a scroll of blinking {unknown}
 G - a scroll of summoning {unknown}
Potions
 d - 3 potions of mutation
 f - 2 potions of agility
 j - 2 potions of lignification
 k - 3 potions of curing
 n - 4 potions of might
 o - a potion of degeneration {unknown}
 q - a potion of magic {unknown}
 u - a potion of heal wounds {unknown}
 w - a potion of ambrosia {unknown}
 z - a potion of berserk rage {unknown}
 B - a potion of brilliance {unknown}
 D - a potion of cancellation {unknown}
Comestibles
 c - 22 rations
 F - 2 chunks of flesh


   Skills:
 - Level 2.0 Fighting
 + Level 5.4 Dodging
 - Level 2.4 Stealth
 - Level 4.0 Shields
 + Level 7.8 Spellcasting
 + Level 10.2 Conjurations
 + Level 6.3 Hexes


You had 9 spell levels left.
You knew the following spells:

 Your Spells              Type           Power        Failure   Level  Hunger
a - Magic Dart            Conj           ####         1%          1    None
b - Searing Ray           Conj           ######       1%          2    None
c - Iskenderun's Mystic   Conj           ######..     1%          4    ###....
d - Dazzling Spray        Conj/Hex       #####.       1%          3    None
e - Force Lance           Conj/Tloc      ####....     9%          4    ###....

Your spell library contained the following spells:

 Spells                   Type           Power        Failure   Level  Hunger
 Shock                    Conj/Air       ####         1%          1    None
 Confusing Touch          Hex            #####.       1%          1    None
 Fulminant Prism          Conj/Hex       #####.....   2%          4    ###....
 Animate Skeleton         Necr           N/A          7%          1    None
 Apportation              Tloc           #.....       7%          1    None
 Beastly Appendage        Tmut           #.....       7%          1    None
 Summon Small Mammal      Summ           #...         7%          1    None
 Sticks to Snakes         Tmut           #.......     10%         2    None
 Spider Form              Tmut/Pois      #.........   21%         3    None
 Ice Form                 Ice/Tmut       #.......     54%         4    ###....
 Blade Hands              Tmut           #.........   88%         5    #####..


Dungeon Overview and Level Annotations

Branches:
Dungeon (8/15)             Temple (1/1) D:4
   Lair: D:8-11

Altars:
Ashenzari
Cheibriados
Elyvilon
Fedhas
Hepliaklqana
Kikubaaqudgha
Nemelex Xobeh
Okawaru
Qazlal
Ru
Trog
Vehumet
Wu Jian
Xom
Yredelemnul
Zin
The Shining One
Lugonu


Message History

The searing ray hits the polar bear.
The polar bear is severely wounded.
You block the polar bear's attack. The polar bear misses you. x2
The searing ray hits the polar bear!
The polar bear is severely wounded.
The polar bear barely misses you.
The polar bear claws you but does no damage.
You block the polar bear's attack.
The searing ray misses the polar bear.
You finish channeling your searing ray.
The polar bear goes berserk!
The polar bear bites you!!
Ouch! That really hurt!
* * * LOW HITPOINT WARNING * * *
The polar bear claws you.
* * * LOW HITPOINT WARNING * * *
The polar bear claws you!
* * * LOW HITPOINT WARNING * * *
The polar bear misses you. The polar bear completely misses you.
The polar bear claws you.
You die...

###############...##......##
>.##.##....#..#...#########
...................#
...................#
...................#
...................#
...................#
...................#
............^.>h@..#
..##...##..###....###############
..##..[##.####'####.#.......#...#
.......#..#≈≈≈.≈≈≈#.#.......#...#
.......#..#≈..#..≈#.#.......#...#
.......#..#≈.#.#.≈#.#.......'...#
.......#..#≈#.#.#≈#.'.......#...#
.......#..#≈.#.#.≈#.#.......#...#
..##...##.#≈..#..≈###......##...#


You could see a polar bear (berserk).

Vanquished Creatures
  Sigmund (D:4)
  A spriggan (D:7)
  A black bear (D:7)
  An ice beast (D:5)
  An orc warrior (D:6)
  2 sky beasts (D:5)
  A necrophage (D:6)
  2 ogres
  4 bullfrogs
  A jelly (D:6)
  A scorpion (D:5)
  A howler monkey (D:6)
  2 bullfrog zombies (D:5)
  4 crimson imps
  5 hounds
  A centaur skeleton (D:6)
  2 gnoll shamans (D:6)
  6 orc priests
  3 iguanas
  9 orc wizards
  Jessica (D:3)
  Ijyb (D:5)
  3 worker ants
  A hound zombie (D:2)
  A hound skeleton (D:6)
  Robin (D:3)
  17 adders
  8 gnolls
  2 oozes
  An adder zombie (D:5)
  4 worms
  4 leopard geckos
  45 orcs
  4 giant cockroaches
  2 gnoll zombies (D:6)
  9 hobgoblins
  4 jackals (D:2)
  5 quokkas
  A ball python (D:4)
  5 bats
  3 frilled lizards
  A giant cockroach zombie (D:6)
  13 goblins
  A jackal skeleton (D:5)
  4 kobolds
  A leopard gecko skeleton (D:6)
  A leopard gecko zombie (D:7)
  A quokka zombie (D:6)
  11 rats
204 creatures vanquished.

Vanquished Creatures (others)
  An ufetubus (D:8)
1 creature vanquished.

Grand Total: 205 creatures vanquished

Notes
Turn   | Place    | Note
-------+----------+-------------------------------------------
     0 | D:1      | pjoxt the Deep Elf Conjurer began the quest for the Orb.
     0 | D:1      | Reached XP level 1. HP: 10/10 MP: 6/6
   330 | D:1      | Reached XP level 2. HP: 15/15 MP: 5/8
   656 | D:1      | Learned a level 2 spell: Searing Ray
   852 | D:2      | Reached skill level 5 in Conjurations
   906 | D:2      | Reached XP level 3. HP: 19/19 MP: 5/10
  1110 | D:2      | Reached XP level 4. HP: 24/24 MP: 3/12
  1427 | D:2      | Learned a level 4 spell: Iskenderun's Mystic Blast
  1431 | D:2      | Learned a level 3 spell: Dazzling Spray
  1611 | D:2      | Reached skill level 6 in Conjurations
  1900 | D:2      | Found a sacrificial altar of Ru.
  2007 | D:3      | Reached XP level 5. HP: 28/28 MP: 8/14
  2591 | D:3      | Reached skill level 5 in Spellcasting
  2643 | D:3      | Noticed Jessica
  2648 | D:3      | Killed Jessica
  2713 | D:3      | Noticed Robin
  2740 | D:3      | Reached skill level 7 in Conjurations
  2749 | D:3      | Killed Robin
  2808 | D:3      | Reached XP level 6. HP: 27/32 MP: 2/15
  3550 | D:4      | Noticed Sigmund
  4296 | D:4      | Reached skill level 1 in Shields
  4400 | D:4      | Reached skill level 8 in Conjurations
  4640 | D:4      | Killed Sigmund
  4640 | D:4      | Reached XP level 7. HP: 27/36 MP: 3/16
  4760 | D:4      | Reached skill level 1 in Hexes
  4784 | D:4      | Found a hazy altar of Hepliaklqana.
  4827 | D:4      | Found a glowing silver altar of Zin.
  4888 | D:4      | Found a staircase to the Ecumenical Temple.
  4931 | Temple   | Entered the Ecumenical Temple
  4964 | Temple   | Became a worshipper of Vehumet
  5179 | D:5      | Entered Level 5 of the Dungeon
  5190 | D:5      | Reached skill level 1 in Fighting
  5234 | D:5      | Found a snail-covered altar of Cheibriados.
  5324 | D:5      | Learned a level 4 spell: Force Lance
  5463 | D:5      | Reached skill level 9 in Conjurations
  5583 | D:5      | Reached XP level 8. HP: 43/43 MP: 5/17
  5873 | D:5      | Found a bloodstained altar of Trog.
  5874 | D:5      | Noticed Ijyb
  5881 | D:5      | Killed Ijyb
  5946 | D:5      | Found a white marble altar of Elyvilon.
  6593 | D:6      | Reached * piety under Vehumet
  6593 | D:6      | Offered knowledge of Sting by Vehumet.
  7337 | D:6      | Reached XP level 9. HP: 40/48 MP: 16/20
  7500 | D:6      | Found a basalt altar of Yredelemnul.
  7536 | D:6      | Found a glowing golden altar of the Shining One.
  7550 | D:6      | Reached skill level 5 in Hexes
  7893 | D:6      | Reached ** piety under Vehumet
  7950 | D:6      | Offered knowledge of Shock by Vehumet.
  8456 | D:7      | Reached skill level 10 in Conjurations
  8479 | D:7      | Reached skill level 5 in Dodging
  8894 | D:8      | Found a shimmering altar of Xom.
  8904 | D:8      | Noticed a polar bear
  8919 | D:7      | HP: 2/48 [polar bear (7)]
  8919 | D:7      | Slain by a polar bear

Skill      XL: |  1  2  3  4  5  6  7  8  9 |
---------------+----------------------------+-----
Conjurations   | 5 6 7 8 9 10 | 10.2
Spellcasting   | 4 5 6 7 |  7.8
Shields        | 2 3 4 |  4.0
Hexes          | 2 4 6 |  6.3
Fighting       | 1 2 |  2.0
Dodging        | 3 5 |  5.4
Stealth        | |  2.4

Action                   |  1- 3 |  4- 6 |  7- 9 || total
-------------------------+-------+-------+-------++-------
Melee: Dagger            |     9 |    17 |     4 ||    30
 Cast: Magic Dart        |    19 |    31 |    14 ||    64
       Searing Ray       |     9 |    43 |    72 ||   124
       Iskenderun's Myst |       |     5 |    22 ||    27
       Dazzling Spray    |       |     1 |     1 ||     2
       Force Lance       |       |       |     1 ||     1
  Use: Scroll            |       |     5 |     4 ||     9
 Stab: Sleeping          |       |       |     1 ||     1
  Eat: Chunk             |     1 |    11 |    15 ||    27
Armor: Robe              |     6 |    21 |    13 ||    40
Dodge: Dodged            |    19 |    43 |    46 ||   108
Block: Buckler           |       |     3 |    23 ||    26
